 Dungeon Crawl Stone Soup version 0.19.5 (webtiles) character file.

35550 tanuki the Fighter (level 13, 0/117 HPs)
             Began as a Minotaur Fighter on May 21, 2017.
             Was a High Priest of Okawaru.
             Succumbed to a green ugly thing's poison
             ... on level 14 of the Dungeon.
             The game lasted 01:50:24 (15812 turns).

tanuki the Fighter (Minotaur Fighter)              Turns: 15812, Time: 01:50:24

Health: 0/117      AC: 18    Str: 24    XL:     13   Next: 48%
Magic:  17/17      EV: 21    Int:  5    God:    Okawaru [*****.]
Gold:   507        SH: 14    Dex: 14    Spells: 0 memorised, 12 levels left

rFire  + . .     SeeInvis .     y - +8 war axe (drain)
rCold  . . .     Gourm    .     Z - +1 scale mail of Ennui {rF+ Str+2 Int+2}
rNeg   . . .     Faith    .     c - +1 shield
rPois  .         Spirit   .     (helmet unavailable)
rElec  .         Reflect  .     g - +1 cloak
rCorr  .         Harm     .     p - +2 pair of gloves
MR     +....                    (no boots)
Stlth  ..........               G - amulet of regeneration
                                o - +5 ring of evasion
                                a - ring of protection from magic

@: lethally poisoned (0 -> -3)
A: retaliatory headbutt, horns 3, iridescent scales 1, dopey 1
a: Heroism, Finesse, Renounce Religion


You were on level 14 of the Dungeon.
You worshipped Okawaru.
Okawaru was extremely pleased with you.
You were very full.

You visited 2 branches of the dungeon, and saw 15 of its levels.

You collected 834 gold pieces.
You spent 327 gold pieces at shops.

Inventory:

Hand Weapons
 y - a +8 war axe of draining (weapon)
 C - a +5 long sword
 R - a +4 spear of freezing
Missiles
 L - 8 tomahawks of dispersal
 S - 2 javelins of penetration
 Y - 5 poisoned javelins (quivered)
Armour
 c - a +1 shield (worn)
 g - a +1 cloak (worn)
 p - a +2 pair of gloves (worn)
 s - the +3 ring mail "Menollu" {rElec rC- rCorr}
   (You found it on level 5 of the Dungeon)

   It makes you vulnerable to cold.
   It insulates you from electricity.
   It protects you from acid and corrosion.
 Z - the +1 scale mail of Ennui (worn) {rF+ Str+2 Int+2}
   (Okawaru gifted it to you on level 14 of the Dungeon)

   It affects your strength (+2).
   It affects your intelligence (+2).
   It protects you from fire.
Jewellery
 a - a ring of protection from magic (left hand)
 n - an uncursed amulet of the gourmand
 o - a +5 ring of evasion (right hand)
 v - an uncursed ring of protection from fire
 G - an amulet of regeneration (around neck)
 H - an uncursed ring of fire
 M - an uncursed ring of resist corrosion
Wands
 j - a wand of iceblast (5/15)
 D - a wand of lightning (4/15)
 F - a wand of disintegration (13/24)
 N - a wand of lightning (9/15)
 O - a wand of acid (4/15)
 P - a wand of iceblast (1/15)
 T - a wand of iceblast (6/15)
Scrolls
 b - 2 scrolls of amnesia
 e - 8 scrolls of remove curse
 i - 8 scrolls of identify
 l - 5 scrolls of teleportation
 w - a scroll of enchant armour
 A - 2 scrolls of magic mapping
 E - 2 scrolls of recharging
 U - a scroll of fear
Potions
 h - a potion of agility
 k - 4 potions of flight
 t - 2 potions of might
 u - a potion of brilliance
 V - a potion of haste
 X - a potion of berserk rage
Books
 d - a book of Necromancy

   Spells                             Type                      Level
   a - Pain                           Necromancy                   1
   b - Animate Skeleton               Necromancy                   1
   c - Vampiric Draining              Necromancy                   3
   d - Regeneration                   Charms/Necromancy            3
   e - Animate Dead                   Necromancy                   4
   f - Control Undead                 Necromancy                   4
 q - a book of Geomancy

   Spells                             Type                      Level
   a - Sandblast                      Earth                        1
   b - Passwall                       Transmutation/Earth          2
   c - Stone Arrow                    Conjuration/Earth            3
   d - Petrify                        Transmutation/Earth          4
   e - Lee's Rapid Deconstruction     Earth                        5
 I - a book of Maledictions

   Spells                             Type                      Level
   a - Corona                         Hexes                        1
   b - Ensorcelled Hibernation        Hexes/Ice                    2
   c - Confuse                        Hexes                        3
   d - Tukima's Dance                 Hexes                        3
   e - Dazzling Spray                 Conjuration/Hexes            3
 J - a book of Power

   Spells                             Type                      Level
   a - Fulminant Prism                Conjuration/Hexes            4
   b - Iskenderun's Mystic Blast      Conjuration                  4
   c - Venom Bolt                     Conjuration/Poison           5
   d - Bolt of Magma                  Conjuration/Fire/Earth       5
   e - Iron Shot                      Conjuration/Earth            6
   f - Orb of Destruction             Conjuration                  7
   g - Spellforged Servitor           Conjuration/Summoning        7
 Q - a book of Callings

   Spells                             Type                      Level
   a - Summon Small Mammal            Summoning                    1
   b - Call Imp                       Summoning                    2
   c - Call Canine Familiar           Summoning                    3
   d - Summon Guardian Golem          Hexes/Summoning              3
   e - Summon Lightning Spire         Summoning/Air                4
   f - Summon Ice Beast               Ice/Summoning                4
 W - a Fen Folio

   Spells                             Type                      Level
   a - Corpse Rot                     Necromancy                   2
   b - Stone Arrow                    Conjuration/Earth            3
   c - Leda's Liquefaction            Hexes/Earth                  4
   d - Summon Forest                  Summoning/Translocation      5
   e - Hydra Form                     Transmutation                6
   f - Summon Hydra                   Summoning                    7
Comestibles
 f - 11 bread rations
 m - 5 beef jerkies
 r - 5 royal jellies
 x - 5 slices of pizza
 z - 6 meat rations
 K - 4 fruits


   Skills:
 + Level 11.9 Fighting
 + Level 11.5 Axes
 + Level 7.5 Throwing
 + Level 11.4 Armour
 + Level 10.5 Dodging
 + Level 11.3 Shields
 + Level 7.5 Invocations


You had 12 spell levels left.
You didn't know any spells.

Dungeon Overview and Level Annotations

Branches:
Dungeon (14/15)            Temple (1/1) D:4            Lair (0/6) D:8
    Orc (0/2) D:12         Vaults (0/5) D:14

Altars:
Ashenzari
Cheibriados
Elyvilon
Fedhas
Hepliaklqana
Kikubaaqudgha
Makhleb
Nemelex Xobeh
Okawaru
Qazlal
Ru
Sif Muna
Trog
Uskayaw
Vehumet
Xom
Yredelemnul
Zin
The Shining One

Shops:
D:8 *((*?   D:10 [   D:11 !   D:14 =


Innate Abilities, Weirdness & Mutations

You reflexively headbutt those who attack you in melee.
You have a pair of large horns on your head.
You are partially covered in iridescent scales. (AC +2)
You are dopey. (Int -2)


Message History

* * * LOW HITPOINT WARNING * * *
You feel sick.
There is a lethal amount of poison in your body!
You remove your amulet of the gourmand.
* * * LOW HITPOINT WARNING * * *
You feel sick.
You sense that the amulet cannot attune itself to your injured body.
G - an amulet of regeneration (around neck)
There is a lethal amount of poison in your body!
* * * LOW HITPOINT WARNING * * *
You feel sick.
* * * LOW HITPOINT WARNING * * *
You feel sick.
* * * LOW HITPOINT WARNING * * *
You feel sick.
* * * LOW HITPOINT WARNING * * *
You feel sick.
* * * LOW HITPOINT WARNING * * *
You feel sick.
You die...

#..........'.......# #
#..........#.......# #
#..........#.......##########
#...########...).............
#...#........................
#...#........................
#...#........................
#...#.......###'###..........
#...#.......@†....#..........
##...#....)..#....(#######'###
#....#.......#.....#........#
#....#.......#.....#........#
#....#.......#>....#........#
#....#.......#.....#........#
#####...'.......#.....#........#
....#...#.......#.....###########
....#...#.......#<....##...#.....


There were no monsters in sight!

Vanquished Creatures
  Erolcha (D:10)
  An ice dragon (D:14)
  2 hydras (D:14)
  A death knight (D:9)
  The ghost of sreda the Spear-Bearer, a novice MfMo (D:8)
  A skeletal warrior (D:9)
  An unseen horror (D:13)
  A wizard (D:14)
  The ghost of Sanvar the Quickloader, a novice TeHu (D:10)
  A phantasmal warrior (D:9)
  9 hill giants
  2 necromancers
  A deep elf mage (D:10)
  4 cyclopes
  13 ugly things
  A manticore (D:11)
  3 gargoyles
  A tengu conjurer (D:14)
  4 trolls
  A two-headed ogre (D:14)
  3 polar bears (D:14)
  The ghost of Mukku the Chucker, an amateur DgAs (D:5)
  A queen bee (D:9)
  A hornet (D:14)
  A spriggan (D:7)
  2 wraiths
  24 yaks
  Eustachio (D:5)
  A wyvern (D:14)
  2 hungry ghosts
  Edmund (D:7)
  3 water moccasins
  The ghost of McKennaii the Magician, an amateur DEFE (D:4)
  A black bear (D:13)
  3 ice beasts
  3 orc warriors
  5 sky beasts
  A necrophage (D:12)
  3 phantoms
  17 centaurs
  5 ogres
  A wolf (D:14)
  A big kobold (D:11)
  9 bullfrogs
  A wyvern zombie (D:8)
  A water moccasin skeleton (D:4)
  2 scorpions
  18 killer bees
  5 jellies
  13 wights
  4 howler monkeys
  A vampire bat (D:6)
  A lava snake (D:14)
  5 crimson imps
  2 bullfrog zombies
  A centaur zombie (D:6)
  4 hounds
  4 orc priests
  5 centaur skeletons
  A bullfrog skeleton (D:4)
  7 iguanas
  8 orc wizards
  20 worker ants
  A hound skeleton (D:11)
  A worker ant zombie (D:7)
  12 adders
  6 gnolls
  A shadow imp (D:5)
  3 oozes
  An adder zombie (D:5)
  2 worms (D:2)
  3 adder skeletons
  2 dart slugs
  2 leopard geckos
  49 orcs
  3 ball pythons
  9 bats
  4 giant cockroaches
  7 goblins
  6 hobgoblins
  12 jackals
  8 quokkas
  7 frilled lizards
  15 kobolds
  A leopard gecko skeleton (D:5)
  A quokka skeleton (D:7)
  5 rats
405 creatures vanquished.

Vanquished Creatures (others)
  A human (D:7)
1 creature vanquished.

Grand Total: 406 creatures vanquished

Notes
Turn   | Place    | Note
-------+----------+-------------------------------------------
     0 | D:1      | tanuki the Minotaur Fighter began the quest for the Orb.
     0 | D:1      | Reached XP level 1. HP: 19/19 MP: 0/0
    57 | D:1      | Reached XP level 2. HP: 28/28 MP: 1/1
   499 | D:1      | Reached skill level 5 in Fighting
   688 | D:2      | Reached XP level 3. HP: 36/36 MP: 2/2
  1068 | D:2      | Found a shattered altar of Ashenzari.
  1396 | D:3      | Reached XP level 4. HP: 44/44 MP: 3/3
  1804 | D:3      | Reached XP level 5. HP: 37/50 MP: 4/4
  2342 | D:4      | Reached skill level 1 in Dodging
  2362 | D:4      | Reached XP level 6. HP: 42/57 MP: 5/5
  2874 | D:4      | Noticed McKennaii's ghost (amateur DEFE)
  2893 | D:4      | Killed McKennaii's ghost
  2893 | D:4      | Reached skill level 5 in Dodging
  2897 | D:4      | Reached XP level 7. HP: 43/62 MP: 6/6
  3143 | D:4      | Found a staircase to the Ecumenical Temple.
  3156 | Temple   | Entered the Ecumenical Temple
  3171 | Temple   | Became a worshipper of Warmaster Okawaru
  3316 | D:5      | Entered Level 5 of the Dungeon
  3531 | D:5      | Got an encrusted ring mail
  3763 | D:5      | Reached skill level 5 in Shields
  3845 | D:5      | Reached skill level 5 in Axes
  3870 | D:5      | Noticed Mukku's ghost (amateur DgAs)
  3881 | D:5      | Reached skill level 5 in Armour
  3890 | D:5      | Killed Mukku's ghost
  3890 | D:5      | Reached * piety under Okawaru
  3890 | D:5      | Reached XP level 8. HP: 67/70 MP: 7/7
  4186 | D:5      | Noticed Eustachio
  4265 | D:5      | Killed Eustachio
  4750 | D:6      | Found an iron altar of Okawaru.
  4834 | D:6      | Reached ** piety under Okawaru
  4862 | D:6      | Noticed Edmund
  5069 | D:6      | Gained mutation: You are dopey. (Int -2) [potion of mutation]
  5069 | D:6      | Gained mutation: You are partially covered in iridescent scales. (AC +2) [potion of mutation]
  5069 | D:6      | Gained mutation: You have a pair of large horns on your head. [potion of mutation]
  5304 | D:6      | Identified the +3 ring mail "Menollu" {rElec rC- rCorr} (You found it on level 5 of the Dungeon)
  5503 | D:6      | Reached XP level 9. HP: 73/79 MP: 8/8
  6570 | D:7      | Found a sacrificial altar of Ru.
  6737 | D:7      | Found a hide-covered altar of Uskayaw.
  6766 | D:7      | Killed Edmund
  7031 | D:7      | Reached skill level 1 in Invocations
  7031 | D:7      | Reached *** piety under Okawaru
  7031 | D:7      | Reached skill level 1 in Throwing
  7196 | D:7      | Found an ancient bone altar of Kikubaaqudgha.
  7582 | D:7      | You fall through a shaft for 3 floors!
  7582 | D:10     | Entered Level 10 of the Dungeon
  7582 | D:10     | Noticed Sanvar's ghost (novice TeHu)
  7588 | D:10     | Killed Sanvar's ghost
  7588 | D:10     | Reached XP level 10. HP: 77/88 MP: 7/10
  7735 | D:10     | Noticed a deep elf mage
  7762 | D:10     | Noticed Erolcha
  7768 | D:10     | Noticed a gargoyle
  7777 | D:10     | Reached **** piety under Okawaru
  7785 | D:10     | Killed a deep elf mage
  7796 | D:10     | Killed a gargoyle
  7805 | D:10     | Killed Erolcha
  7865 | D:10     | Reached ***** piety under Okawaru
  7936 | D:10     | Reached XP level 11. HP: 97/97 MP: 12/12
  8057 | D:10     | Found Etoemikk's Antique Armour Boutique.
  9060 | D:9      | Found a blossoming altar of Fedhas.
  9500 | D:9      | Found a burning altar of Makhleb.
  9536 | D:9      | Noticed a death knight
  9540 | D:9      | Noticed a skeletal warrior
  9551 | D:9      | Killed a death knight
  9551 | D:9      | Received a gift from Okawaru
  9564 | D:9      | Killed a skeletal warrior
  9575 | D:9      | Noticed a phantasmal warrior
  9588 | D:9      | Killed a phantasmal warrior
  9791 | D:8      | Found Ohuariq's Magic Scroll Boutique.
  9795 | D:8      | Bought 2 scrolls of enchant armour for 180 gold pieces
  9920 | D:8      | Found Cediw's Weapon Boutique.
 10213 | D:8      | Noticed sreda's ghost (novice MfMo)
 10232 | D:8      | Killed sreda's ghost
 10232 | D:8      | Reached skill level 10 in Fighting
 10232 | D:8      | Reached skill level 5 in Throwing
 10298 | D:8      | Found Rasanit's Weapon Emporium.
 10305 | D:8      | Found a staircase to the Lair.
 10340 | D:8      | Found Gasmerei's Assorted Antiques.
 10514 | D:8      | Found Kyra Kad's Assorted Antiques.
 10517 | D:8      | Bought a potion of might for 84 gold pieces
 10517 | D:8      | Bought a potion of curing for 63 gold pieces
 11005 | D:11     | Reached skill level 10 in Axes
 11212 | D:11     | Reached skill level 5 in Invocations
 11287 | D:11     | Found Oterrech's Distillery.
 11308 | D:11     | Noticed a hill giant
 11319 | D:11     | Killed a hill giant
 11319 | D:11     | Received a gift from Okawaru
 11844 | D:12     | Reached XP level 12. HP: 107/107 MP: 14/14
 11845 | D:12     | Received a gift from Okawaru
 11850 | D:12     | Reached skill level 10 in Armour
 11967 | D:12     | Found a staircase to the Orcish Mines.
 12049 | D:12     | Reached skill level 10 in Shields
 12282 | D:12     | Got a dazzling leather armour
 12283 | D:12     | Identified the +2 leather armour of the Hot Ocelot {rF+ MR+ Str+4 Stlth+} (You found it on level 12 of the Dungeon)
 13599 | D:14     | Received a gift from Okawaru
 13639 | D:13     | Reached skill level 10 in Dodging
 14260 | D:14     | Noticed a five-headed hydra
 14267 | D:14     | Killed a nine-headed hydra
 14435 | D:14     | Received a gift from Okawaru
 14435 | D:14     | Reached XP level 13. HP: 100/116 MP: 17/17
 14461 | D:14     | Got a steaming scale mail {god gift}
 14476 | D:14     | Identified the +1 scale mail of Ennui {rF+ Str+2 Int+2} (Okawaru gifted it to you on level 14 of the Dungeon)
 14725 | D:14     | Found Bygod's Jewellery Shop.
 15163 | D:14     | Found a gate to the Vaults.
 15804 | D:14     | HP: 5/117 [poisoned by a green ugly thing]
 15809 | D:14     | HP: 2/117 [poisoned by a green ugly thing]
 15812 | D:14     | Succumbed to a green ugly thing's poison

Skill      XL: |  1  2  3  4  5  6  7  8  9 10 11 12 13 |
---------------+----------------------------------------+-----
Fighting       | 4 5 7 8 9 10 11 | 11.9
Shields        | 4 5 6 8 9 10 11 | 11.3
Armour         | 4 5 6 8 9 10 11 | 11.4
Dodging        | 2 5 6 7 8 9 10 | 10.5
Axes           | 5 6 8 9 10 11 | 11.5
Invocations    | 2 3 5 6 7 |  7.5
Throwing       | 2 3 5 6 7 |  7.5

Action                   |  1- 3 |  4- 6 |  7- 9 | 10-12 | 13-15 || total
-------------------------+-------+-------+-------+-------+-------++-------
Melee: War axe           |    96 |    95 |   270 |   536 |   131 ||  1128
       Headbutt          |    10 |    16 |    44 |   121 |    34 ||   225
Invok: Heroism           |       |       |     2 |    10 |     2 ||    14
       Finesse           |       |       |       |     5 |     2 ||     7
Evoke: Wand              |       |       |       |     2 |     1 ||     3
  Use: Scroll            |     2 |     9 |     6 |    14 |       ||    31
       Potion            |       |     2 |    10 |     7 |       ||    19
 Stab: Distracted        |       |       |       |     1 |       ||     1
  Eat: Chunk             |     3 |    14 |    16 |    25 |     9 ||    67
Armor: Scale mail        |     8 |       |       |       |    15 ||    23
       Leather armour    |    20 |    21 |     5 |       |       ||    46
       Troll leather arm |       |       |    41 |       |       ||    41
       Ring mail         |       |       |    38 |    77 |       ||   115
       Chain mail        |       |       |       |     3 |       ||     3
       Skin              |       |       |       |     3 |       ||     3
Dodge: Dodged            |    33 |    33 |   116 |   245 |    89 ||   516
Block: Shield            |    45 |    45 |   154 |   271 |    75 ||   590
